 Dungeon Crawl Stone Soup version 0.27-a0-1555-g0e7b3fb1d2 (webtiles) character file.

Game seed: 15031055071580177254

191 SolCadguy the Sneak (level 6, -1/35 HPs)
             Began as a Kobold Hunter on July 15, 2021.
             Succumbed to an orc's poison
             ... on level 3 of the Dungeon.
             The game lasted 00:08:30 (3120 turns).

SolCadguy the Sneak (Kobold Hunter)                 Turns: 3120, Time: 00:08:31

Health: -1/35      AC:  4    Str: 10    XL:     6   Next: 2%
Magic:  6/6        EV: 14    Int: 12    God:
Gold:   117        SH:  0    Dex: 17    Spells: 5/5 levels left

rFire    . . .     SeeInvis .   b - +0 short sword
rCold    . . .     Faith    .   (shield restricted)
rNeg     . . .     Spirit   .   c - +0 leather armour
rPois    .         Reflect  .   (no helmet)
rElec    .         Harm     .   (no cloak)
rCorr    .         Rampage  .   (no gloves)
Will     .....                  l - +0 pair of boots
Stlth    ++++......             (no amulet)
HPRegen  0.11/turn              (no ring)
MPRegen  0.10/turn              (no ring)

@: lethally poisoned (-1 -> -11), attractive
A: small, no large weapons, nightstalker 3
a: no special abilities


You were on level 3 of the Dungeon.
You visited 1 branch of the dungeon, and saw 3 of its levels.

You collected 117 gold pieces.

Inventory:

Hand Weapons
 a - a +1 hand crossbow
 b - a +0 short sword (weapon)
Missiles
 d - 54 bolts
Armour
 c - a +0 leather armour (worn)
 l - a +0 pair of boots (worn)
 r - a +0 kite shield
Jewellery
 g - an amulet of faith
Scrolls
 e - a scroll of vulnerability {unknown}
 h - a scroll of torment {unknown}
 i - 5 scrolls of identify {unknown}
 k - a scroll of summoning {unknown}
 o - a scroll of teleportation {unknown}
Potions
 f - a potion of lignification
 p - a potion of haste {unknown}
 q - a potion of heal wounds {unknown}


   Skills:
 - Level 2.1 Fighting
 + Level 4.6 Short Blades
 - Level 5.1 Crossbows
 - Level 2.4 Dodging
 + Level 5.3 Stealth


You had 5 spell levels left.
You didn't know any spells.
Your spell library contained the following spells:

 Spells                   Type           Power      Damage    Failure   Level
 Passwall                 Tmut/Erth      0%         N/A       56%         2
 Swiftness                Air            0%         N/A       80%         3
 Invisibility             Hex            0%         N/A       100%        6


Dungeon Overview and Level Annotations

Branches:
Dungeon (3/15)

Altars:


Innate Abilities, Weirdness & Mutations

You are small and have problems with some larger weapons.
You are completely attuned to the shadows.


Message History

You see here a bolt.
You see here a bolt.
The orc shouts!
The orc hits you with a +2 short sword of venom.
You hit the orc.
The orc is severely wounded.
The orc hits you with a +2 short sword of venom.
You are lethally poisoned!
You barely miss the orc.
The orc is severely wounded.
* * * LOW HITPOINT WARNING * * *
You feel very sick.
The orc hits you with a +2 short sword of venom.
* * * LOW HITPOINT WARNING * * *
You are more poisoned.
It was a potion of lignification.
You turn into a tree.
Your +0 pair of boots melds into your body.
Your +0 leather armour melds into your body.
Your roots penetrate the ground.
* * * LOW HITPOINT WARNING * * *
You feel very sick. The orc hits you but does no damage.
It was a potion of brilliance.
You feel clever all of a sudden.
* * * LOW HITPOINT WARNING * * *
You feel very sick. The orc hits you but does no damage.
It was a potion of cancellation.
Your magical effects are unravelling.
You feel magically purged.
You feel less wooden.
Your +0 pair of boots unmelds from your body.
Your +0 leather armour unmelds from your body.
You feel a little less clever now.
* * * LOW HITPOINT WARNING * * *
You feel very sick. The orc closely misses you.
It was a potion of attraction.
You feel attractive to monsters.
You die...

. #.# #.## #. #.
####†# ### ##
##.##.)..# ..
#.....######. ..
#.....##.....#
#.....#......####
###
#....†...((.....#
#..
#....##.........#
##.>
#....##..).((.@o#
##.##
#.)..##.........#
#..## ....
#.........# #.##.
####......# #....
........ ......##
.....# ##......
#...... #......
....


You could see an orc.

Vanquished Creatures
  Jessica (D:2)
  6 adders
  2 gnolls (D:2)
  2 dart slugs
  4 orcs (D:3)
  13 ball pythons
  4 bats
  3 endoplasms
  2 giant cockroaches (D:2)
  5 goblins
  13 hobgoblins
  2 jackals
  3 quokkas
  6 frilled lizards
  4 kobolds
  9 rats
79 creatures vanquished.

Notes
Turn   | Place    | Note
-------+----------+-------------------------------------------
     0 | D:1      | SolCadguy the Kobold Hunter began the quest for the Orb.
     0 | D:1      | Reached XP level 1. HP: 12/12 MP: 1/1
    67 | D:1      | Reached skill level 5 in Crossbows
   231 | D:1      | Reached skill level 1 in Short Blades
   231 | D:1      | Reached XP level 2. HP: 7/17 MP: 2/2
   689 | D:1      | Reached XP level 3. HP: 21/21 MP: 3/3
   770 | D:1      | Found a faded altar of an unknown god.
  1449 | D:2      | Reached XP level 4. HP: 20/26 MP: 4/4
  1994 | D:2      | Noticed Jessica
  2118 | D:2      | Killed Jessica
  2119 | D:2      | Reached XP level 5. HP: 24/30 MP: 5/5
  2834 | D:3      | Reached skill level 5 in Stealth
  3097 | D:3      | Reached XP level 6. HP: 21/35 MP: 6/6
  3119 | D:3      | HP: 1/35 [poisoned by an orc]
  3120 | D:3      | Succumbed to an orc's poison

Illustrated notes

Levels and vault maps discovered:
D:1:      moated_graveyard_arrival, layout_basic,
          shapermc_ecumenical_altar_notcrosses
D:2:      layout_loops_cross, minmay_ruptured, uniq_jessica
D:3:      layout_rooms, mainiacjoe_overflow_alcove_2, tgw_sif

Skill      XL: |  1  2  3  4  5 |
---------------+----------------+-----
Crossbows      | 5 |  5.1
Short Blades   | 1 2 3 4 |  4.6
Stealth        | 2 3 4 5 |  5.3
Fighting       | |  2.1
Dodging        | |  2.4

Action                   |  1- 3 |  4- 6 || total
-------------------------+-------+-------++-------
Melee: Short sword       |    90 |   103 ||   193
 Fire: Hand crossbow     |    11 |    39 ||    50
  Use: Potion            |       |     6 ||     6
 Stab: Sleeping          |    15 |    12 ||    27
       Distracted        |       |     1 ||     1
Armor: Leather armour    |    13 |    27 ||    40
       Skin              |       |     2 ||     2
Dodge: Dodged            |    44 |    82 ||   126

Table legend: (Time is in decaauts)
 A = Elapsed time spent in this place.
 B = Non-inter-level travel time spent in this place.
 C = Inter-level travel time spent in this place.
 D = Time resting spent in this place.
 E = Time spent auto-exploring this place.
 F = Levels seen in this place.
 G = Mean time per level.
                   A        B        C        D        E       F      G
               +--------+--------+--------+--------+--------+-----+--------+
         Total |   3118 |   2997 |    121 |    557 |   1845 |   3 | 1039.3 |
       Dungeon |   3118 |   2997 |    121 |    557 |   1845 |   3 | 1039.3 |
               +--------+--------+--------+--------+--------+-----+--------+

Top non-repeatable levels by time:
     D:1: 1694 daAuts
     D:2: 1129 daAuts
     D:3: 294 daAuts
